 Dungeon Crawl Stone Soup version 0.32-a0-933-ga8fa3634e4 (webtiles) character file.

Game seed: 4621718752524447167

116 bjtr the Firebug (level 5, -2/28 HPs)
             Began as a Gargoyle Fire Elementalist on Apr 14, 2024.
             Slain by an orc
             ... wielding a +0 club
              (3 damage)
             ... on level 3 of the Dungeon.
             The game lasted 00:06:20 (2225 turns).

bjtr the Firebug (Gargoyle Fire Elementalist)       Turns: 2225, Time: 00:06:20

Health: -2/28      AC:  9    Str: 11    XL:     5   Next: 1%
Magic:  0/9        EV: 11    Int: 18    God:
Gold:   60         SH:  0    Dex: 10    Spells: 4/10 levels left

rFire   . . .        p - +0 hand axe (elec)
rCold   + . .        (no shield)
rNeg    + . .        a - +0 robe
rPois   ∞            r - +0 helmet
rElec   +            (no cloak)
rCorr   .            m - +1 pair of gloves
SInv    .            (no boots)
Will    .....        h - amulet of guardian spirit
Stlth   ++           u - ring of protection from cold
HPRegen 0.24/turn    (no ring)
MPRegen 0.11/turn

%: guardian spirit
@: no status effects
A: sickness immunity, AC +4, negative energy resistance 1, electricity
resistance, torment resistance 1, petrification resistance
a: no special abilities


You were on level 3 of the Dungeon.
You visited 1 branch of the dungeon, and saw 3 of its levels.

You collected 60 gold pieces.

Inventory:

Hand Weapons
 e - a +0 short sword
 p - a +0 hand axe of electrocution (weapon)
 v - a +1 long sword of holy wrath
 w - a +0 sling
Missiles
 i - 2 javelins
 k - 5 poisoned darts
Armour
 a - a +0 robe (worn)
 l - a +0 leather armour
 m - a +1 pair of gloves (worn)
 r - a +0 helmet (worn)
Jewellery
 h - an amulet of guardian spirit (around neck)
 u - a ring of protection from cold (left hand)
Wands
 q - a wand of polymorph (6)
 x - a wand of flame (24)
Scrolls
 c - 4 scrolls of identify {unknown}
 d - a scroll of blinking {unknown}
 f - a scroll of fear {unknown}
 n - 2 scrolls of teleportation {unknown}
 s - a scroll of enchant weapon {unknown}
 t - a scroll of amnesia {unknown}
 y - a scroll of revelation {unknown}
Potions
 g - a potion of heal wounds {unknown}
 j - 3 potions of cancellation {unknown}
 o - a potion of ambrosia {unknown}


   Skills:
 + Level 0.1 Fighting
 + Level 2.0 Dodging
 + Level 2.7 Stealth
 + Level 3.0 Spellcasting
 + Level 1.9 Conjurations
 + Level 4.1 Fire Magic


You had 4 spell levels left.
You knew the following spells:

 Your Spells              Type           Power      Damage    Failure   Level
a - Foxfire               Conj/Fire      52%        2x1d6     4%          1
b - Scorch                Fire           34%        2d6       4%          2
c - Inner Flame           Hex/Fire       10%        N/A       22%         3

Your spell library contained the following spells:

 Spells                   Type           Power      Damage    Failure   Level
 Volatile Blastmotes      Fire/Tloc      20%        2d11      22%         3
 Flame Wave               Conj/Fire      13%        2d6       43%         4


Dungeon Overview and Level Annotations

Branches:
Dungeon (3/15)

Altars:
Yredelemnul

Shops:
D:1 *


Innate Abilities, Weirdness & Mutations

You are immune to sickness and miasma.
Your stone body is resilient. (AC +4)
You are immune to poison.
You resist negative energy. (rN+)
You are resistant to electric shocks. (rElec)
You are resistant to unholy torment.
You are immune to petrification.


Message History

Unknown command.
You barely miss the orc priest.
The orc priest is moderately wounded.
The orc priest begins to cast a cantrip, but forgets the words!
Unknown command.
Magic courses through your body. The orc priest completely misses you.
Casting: Scorch (safe; 4% risk of failure)
Confirm with . or Enter, or press ? or * to list all spells.
Flames lash the orc priest.
The orc priest is severely wounded.
The orc priest's fire resistance burns away.
The orc priest hits you but does no damage.
Unknown command.
Casting: Scorch (safe; 4% risk of failure)
Confirm with . or Enter, or press ? or * to list all spells.
Flames lash the orc.
The orc is moderately wounded.
The orc's fire resistance burns away.
The orc priest hits you with a +0 club.
* * * LOW HITPOINT WARNING * * *
Unknown command.
Casting: Scorch (safe; 4% risk of failure)
Confirm with . or Enter, or press ? or * to list all spells.
Flames lash the orc priest.
The orc priest is burned terribly!
You kill the orc priest!
A magic dart appears from out of thin air!
The magic dart hits you!
* * * LOW HITPOINT WARNING * * *
Your magical contamination has completely faded away.
Your Dodging skill increases to level 2!
Your Spellcasting skill increases to level 3!
You have reached level 5!
Casting: Scorch (safe; 4% risk of failure)
Confirm with . or Enter, or press ? or * to list all spells.
You don't have enough magic to cast this spell.
Unknown command.
You barely miss the orc.
The orc is moderately wounded.
The orc is no longer more vulnerable to fire.
The orc hits you with a +0 club.
You die...

#.########## #.#
#.# ##.##########
#...........##.##
#..###...........
.....#
#.####.##.#.
#.....# #.# #
####### #@# #o#
......?{.....#
#######.#....o|
#.#.....o #.#
..... #.# .....
#.# .... #.. ....


You could see an orc.

Vanquished Creatures
  An orc priest (D:3)
  Jessica (D:2)
  2 adders (D:2)
  3 ribbon worms (D:2)
  4 ball pythons
  3 bats (D:1)
  6 endoplasms
  2 giant cockroaches
  2 goblins
  A quokka (D:1)
  A frilled lizard (D:2)
  6 kobolds
  3 rats
35 creatures vanquished.

Vanquished Creatures (others)
  102 foxfires
102 creatures vanquished.

Grand Total: 137 creatures vanquished

Notes
Turn   | Place    | Note
-------+----------+-------------------------------------------
     0 | D:1      | bjtr the Gargoyle Fire Elementalist began the quest for the
                  | Orb.
     0 | D:1      | Reached XP level 1. HP: 10/10 MP: 3/3
   414 | D:1      | Reached XP level 2. HP: 15/15 MP: 0/5
   943 | D:1      | Found Jehemyl's Assorted Antiques.
  1267 | D:2      | Found a basalt altar of Yredelemnul.
  1345 | D:2      | Reached XP level 3. HP: 19/19 MP: 1/6
  1650 | D:2      | Noticed Jessica
  1656 | D:2      | Learned a level 2 spell: Scorch
  1660 | D:2      | Learned a level 3 spell: Inner Flame
  1664 | D:2      | Killed Jessica
  1665 | D:2      | Reached XP level 4. HP: 24/24 MP: 4/8
  2118 | D:2      | Reached skill level 4 in Fire Magic
  2224 | D:3      | HP: 1/24 [something/magic dart (5)]
  2225 | D:3      | Reached XP level 5. HP: 1/28 MP: 0/9
  2225 | D:3      | Slain by an orc

Illustrated notes

Levels and vault maps discovered:
D:1:      beargit_arrival_greenhouse, layout_basic, serial_shops,
          nicolae_shop_temple_entry_statues_fountains,
          nicolae_figureground_sparkle
D:2:      layout_rooms, serial_glass, glass_columns_b, glass_columns_b,
          glass_columns_a, glass_columns_c, glass_columns_c, glass_columns_b,
          basic_altar, chequers_decorated_corner, kennysheep_flooded_box,
          st_stairs_12, chequers_serial_rivers_small_a, uniq_jessica
D:3:      minmay_roachtagon, layout_loops_ring, vehumet_statue,
          uniq_crazy_yiuf_cottage

Skill      XL: |  1  2  3  4 |
---------------+-------------+-----
Fire Magic     | 4 |  4.1
Dodging        | 2 |  2.0
Spellcasting   | 3 |  3.0
Fighting       | |  0.1
Stealth        | |  2.7
Conjurations   | |  1.9

Action                     |  1- 3 |  4- 6 || total
---------------------------+-------+-------++-------
  Melee: Short sword       |    26 |       ||    26
         Hand axe          |     4 |    19 ||    23
   Cast: Foxfire           |    53 |     8 ||    61
         Scorch            |     1 |     4 ||     5
    Use: Potion            |       |     1 ||     1
 Armour: Robe              |    15 |    10 ||    25
  Dodge: Dodged            |    26 |    15 ||    41

Table legend: (Time is in decaauts)
 A = Elapsed time spent in this place.
 B = Non-inter-level travel time spent in this place.
 C = Inter-level travel time spent in this place.
 D = Time resting spent in this place.
 E = Time spent auto-exploring this place.
 F = Levels seen in this place.
 G = Mean time per level.
                   A        B        C        D        E       F      G
               +--------+--------+--------+--------+--------+-----+--------+
         Total |   2231 |   2165 |     66 |    419 |   1392 |   3 |  743.7 |
       Dungeon |   2231 |   2165 |     66 |    419 |   1392 |   3 |  743.7 |
               +--------+--------+--------+--------+--------+-----+--------+

Top non-repeatable levels by time:
     D:1: 1266 daAuts
     D:2: 909 daAuts
     D:3: 55 daAuts
